 Dungeon Crawl Stone Soup version 0.26-a0-597-gb535b0901c (webtiles) character file.

Game seed: 257915400435279867

562 Fingolfin the Conjurer (level 7, -1/50 HPs)
             Began as a Red Draconian Hedge Wizard on Sept 9, 2020.
             Slain by Edmund
             ... wielding a +2 flail of draining
              (2 damage)
             ... on level 5 of the Dungeon.
             The game lasted 00:18:20 (6194 turns).

Fingolfin the Conjurer (Red Draconian Hedge Wizard) Turns: 6194, Time: 00:18:21

Health: -1/50      AC:  9    Str: 13    XL:     7   Next: 10%
Magic:  4/12       EV: 11    Int: 16    God:
Gold:   349        SH:  0    Dex: 10    Spells: 4/13 levels left

rFire    + . .     SeeInvis .   j - +0 spear
rCold    . . .     Faith    .   (no shield)
rNeg     . . .     Spirit   .   (armour unavailable)
rPois    .         Reflect  .   b - +0 hat
rElec    .         Harm     .   t - +2 cloak
rCorr    .                      (no gloves)
MR       .....                  (no boots)
Stlth    +.........             (no amulet)
HPRegen  0.16/turn              (no ring)
MPRegen  0.13/turn              (no ring)

@: heavily drained
A: breathe fire, unfitting armour, fire resistance 1, cold-blooded, AC +6
a: Breathe Fire


You were on level 5 of the Dungeon.
You visited 1 branch of the dungeon, and saw 5 of its levels.

You collected 349 gold pieces.

Inventory:

Hand Weapons
 j - a +0 spear (weapon)
Armour
 b - a +0 hat (worn)
 t - a +2 cloak (worn)
Wands
 d - a wand of acid (10)
Scrolls
 c - 3 scrolls of remove curse
 e - 2 scrolls of immolation
 i - 3 scrolls of teleportation
 k - 2 scrolls of fog {unknown}
 l - 5 scrolls of amnesia
 o - 3 scrolls of random uselessness
 p - 3 scrolls of magic mapping
 r - 2 scrolls of blinking {unknown}
Potions
 a - a potion of berserk rage {unknown}
 f - a potion of might {unknown}
 g - 2 potions of flight
 h - 2 potions of brilliance
 m - a potion of haste {unknown}
 n - a potion of degeneration {unknown}
 q - a potion of heal wounds {unknown}
 s - a potion of lignification {unknown}


   Skills:
 - Level 1.7(0.0) Dodging
 - Level 1.7(0.0) Stealth
 - Level 3.5(1.2) Spellcasting
 + Level 5.8(3.3) Conjurations
   Level 1.0(0.0) Summonings
 - Level 2.0(0.0) Translocations
 - Level 2.4(0.2) Fire Magic
 - Level 2.0(0.0) Air Magic
 - Level 2.0(0.0) Poison Magic


You had 4 spell levels left.
You knew the following spells:

 Your Spells              Type           Power        Failure   Level
a - Magic Dart            Conj           ##..         5%          1
b - Blink                 Tloc           N/A          34%         2
c - Conjure Flame         Conj/Fire      #.......     32%         3
d - Mephitic Cloud        Conj/Pois/Air  #.......     38%         3

Your spell library contained the following spells:

 Spells                   Type           Power        Failure   Level
 Beastly Appendage        Tmut           #.....       22%         1
 Call Imp                 Summ           #.......     34%         2
 Corpse Rot               Necr/Air       N/A          34%         2
 Slow                     Hex            #.......     34%         2
 Wereblood                Tmut           #.......     34%         2
 Stone Arrow              Conj/Erth      #.....       34%         3
 Spider Form              Tmut/Pois      #.........   56%         3
 Ice Form                 Ice/Tmut       #.......     92%         4
 Blade Hands              Tmut           #.........   99%         5
 Summon Forest            Summ/Tloc      #.........   99%         5
 Eringya's Noxious Bog    Tmut/Pois      #.........   100%        6
 Hydra Form               Tmut           #.........   100%        6
 Summon Hydra             Summ           #.........   100%        7


Dungeon Overview and Level Annotations

Branches:
Dungeon (5/15)
 Temple: D:4-7

Altars:
Dithmenos
Elyvilon
Fedhas
Gozag
Hepliaklqana
Makhleb

Annotations:
D:5 Edmund


Innate Abilities, Weirdness & Mutations

You can breathe blasts of fire.
Your fiery red scales are hard. (AC +6)
You cannot fit into any form of body armour.
Your flesh is heat resistant. (rF+)
You are cold-blooded and may be slowed by cold attacks.


Message History

The orc shouts!
You hit Edmund but do no damage.
Edmund is almost dead.
Your magical contamination has completely faded away.
Attack whom?
Press: ? - help, Dir - move target cursor, f/p - Edmund
Aim: Edmund, wielding a +2 flail of draining and wearing a +3 chain mail of fire resistance (almost dead, confused)
You reach to attack!
You hit Edmund but do no damage.
Edmund is almost dead.
You barely miss Edmund.
Edmund is almost dead.
Edmund hits you with a +2 flail of draining!
You feel drained.
* * * LOW HITPOINT WARNING * * *
You hit Edmund but do no damage.
Edmund is almost dead.
Edmund hits you with a +2 flail of draining!
* * * LOW HITPOINT WARNING * * *
You feel drained.
You die...

..........#
#..§§....§§...#
..........#
###§§....§§.###
..........# ##§§..§§§##
..........# ##§§.§§#
..........#########...##
...........o....##....#
...................####
####...........####
####'######@######
##'#.....@.....#
#.........[....#
#..............#
#..............#
#..............#
#..............#
#..............#
#..............#


You could see Edmund (confused) and an orc.

Vanquished Creatures
  An ice beast (D:5)
  An ogre (D:2)
  A jelly (D:4)
  A hound (D:5)
  An orc priest (D:3)
  An orc wizard (D:2)
  Jessica (D:3)
  An iguana (D:4)
  A hound skeleton (D:4)
  3 gnolls
  2 adders
  A river rat (D:3)
  8 oozes (D:4)
  3 worms
  A leopard gecko (D:4)
  4 orcs (D:3)
  13 bats
  3 giant cockroaches
  9 goblins
  14 hobgoblins
  4 jackals (D:4)
  3 quokkas
  6 ball pythons
  7 frilled lizards
  14 kobolds
  A leopard gecko zombie (D:5)
  10 rats
115 creatures vanquished.

Vanquished Creatures (others)
  3 fungi (D:4)
  6 toadstools (D:4)
9 creatures vanquished.

Grand Total: 124 creatures vanquished

Notes
Turn   | Place    | Note
-------+----------+-------------------------------------------
     0 | D:1      | Fingolfin the Draconian Hedge Wizard began the quest for
                  | the Orb.
     0 | D:1      | Reached XP level 1. HP: 14/14 MP: 4/4
   529 | D:1      | Reached XP level 2. HP: 20/20 MP: 1/6
  1000 | D:1      | Learned a level 2 spell: Blink
  1191 | D:2      | Found a blossoming altar of Fedhas.
  1255 | D:2      | Reached skill level 2 in Conjurations
  1255 | D:2      | Reached XP level 3. HP: 26/26 MP: 1/8
  1260 | D:2      | Learned a level 3 spell: Conjure Flame
  1264 | D:2      | Learned a level 3 spell: Mephitic Cloud
  1584 | D:2      | Found a faded altar of an unknown god.
  1623 | D:2      | Noticed an ogre
  1646 | D:2      | Killed an ogre
  1646 | D:2      | Reached skill level 1 in Fire Magic
  1646 | D:2      | Reached skill level 1 in Air Magic
  1646 | D:2      | Reached skill level 1 in Poison Magic
  1646 | D:2      | Reached XP level 4. HP: 33/33 MP: 0/9
  1760 | D:2      | Found a hazy altar of Hepliaklqana.
  1940 | D:2      | Reached XP level 5. HP: 38/38 MP: 6/10
  2303 | D:3      | Noticed Jessica
  2313 | D:3      | Killed Jessica
  2783 | D:3      | Reached skill level 3 in Conjurations
  3426 | D:3      | Reached XP level 6. HP: 22/45 MP: 5/11
  3841 | D:3      | Reached skill level 4 in Conjurations
  4192 | D:4      | Noticed an ice beast
  4649 | D:4      | Found an opulent altar of Gozag.
  5207 | D:4      | Reached skill level 5 in Conjurations
  5685 | D:5      | Entered Level 5 of the Dungeon
  5685 | D:5      | Found a white marble altar of Elyvilon.
  5747 | D:5      | Found a burning altar of Makhleb.
  5812 | D:5      | Found a shadowy altar of Dithmenos.
  5815 | D:5      | Noticed an ice beast
  5947 | D:5      | Killed an ice beast
  5947 | D:5      | Your scales start taking on a fiery red colour.
  5947 | D:5      | Reached XP level 7. HP: 23/50 MP: 0/12
  5947 | D:5      | Gained mutation: Your flesh is heat resistant. (rF+) [Red
                  | Draconian growth]
  6151 | D:5      | Noticed Edmund
  6194 | D:5      | HP: 1/50 [Edmund/+2 flail of draining (11)]
  6194 | D:5      | Slain by Edmund

Illustrated notes

Levels and vault maps discovered:
D:1:      roderic_crossed_star, layout_loops_ring
D:2:      kennysheep_the_goblin_king, layout_rooms, lemuel_doored_altar,
          lemuel_coloured_pillars_altar, chequers_ecumenical_altar_simple
D:3:      layout_basic, portal_sewer_entry_b, hex_tiny, uniq_jessica
D:4:      cheibrodos_fertilizer, layout_loops_ring, grunt_gozag_breadcrumbs
D:5:      layout_basic, bloody_makhleb, overflow_temple_1_default,
          lemuel_temple_firewalk_b, nicolae_dithmenos_the_darkroom,
          uniq_grinder, uniq_edmund

Skill      XL: |  1  2  3  4  5  6 |
---------------+-------------------+-----
Conjurations   | 2 3 5 |  5.8
Translocations | 2 |  2.0
Fire Magic     | 1 2 |  2.4
Air Magic      | 1 2 |  2.0
Poison Magic   | 1 2 |  2.0
Dodging        | |  1.7
Stealth        | |  1.7
Spellcasting   | |  3.5
Summonings     | |  1.0

Action                   |  1- 3 |  4- 6 |  7- 9 || total
-------------------------+-------+-------+-------++-------
Melee: Dagger            |     9 |       |       ||     9
       Tailslap          |     5 |     8 |     2 ||    15
       Spear             |    32 |   146 |    19 ||   197
 Cast: Magic Dart        |    60 |   238 |    12 ||   310
       Mephitic Cloud    |     1 |     2 |     1 ||     4
       Conjure Flame     |       |     2 |       ||     2
 Abil: Breathe Fire      |       |       |     2 ||     2
  Use: Scroll            |       |     8 |       ||     8
 Stab: Sleeping          |     2 |     1 |       ||     3
       Confused          |     2 |     1 |     1 ||     4
Armor: Skin              |    16 |    67 |     1 ||    84
Dodge: Dodged            |    23 |   146 |     3 ||   172

Table legend: (Time is in decaauts)
 A = Elapsed time spent in this place.
 B = Non-inter-level travel time spent in this place.
 C = Inter-level travel time spent in this place.
 D = Time resting spent in this place.
 E = Time spent auto-exploring this place.
 F = Levels seen in this place.
 G = Mean time per level.
                   A        B        C        D        E       F      G
               +--------+--------+--------+--------+--------+-----+--------+
         Total |   6226 |   6095 |    131 |   2727 |   2099 |   5 | 1245.2 |
       Dungeon |   6226 |   6095 |    131 |   2727 |   2099 |   5 | 1245.2 |
               +--------+--------+--------+--------+--------+-----+--------+

Top non-repeatable levels by time:
     D:2: 1801 daAuts
     D:4: 1708 daAuts
     D:3: 1204 daAuts
     D:1: 1000 daAuts
     D:5: 512 daAuts
